 Dungeon Crawl Stone Soup version 0.14-a0-2474-g7d54a28 (webtiles) character file.

19745 Kae the Unseen (level 12, -12/51 HPs)
             Began as a Spriggan Enchanter on Feb 8, 2014.
             Was a Believer of Dithmengos.
             Killed from afar by an oklob plant (13 damage)
             ... with a splash of acid
             ... on Level 12 of the Dungeon.
             The game lasted 00:30:59 (13750 turns).

Kae the Unseen (Spriggan Enchanter)                Turns: 13750, Time: 00:31:00

HP -12/51        AC  8     Str  8      XL: 12   Next: 30%
MP  32/32        EV 17     Int 16      God: Dithmengos [**....]
Gold 965         SH 12     Dex 18      Spells:  4 memorised, 16 levels left

rFire  x . .     SeeInvis +     a - +2,+1 dagger
rCold  + . .     Clarity  .     b - +0 robe
rNeg   . . .     Conserve .     I - +1 buckler
rPois  .         rCorr    .     (helmet restricted)
rElec  .         rRot     .     B - -2 cloak (curse)
SustAb . .       Spirit   .     (gloves unavailable)
rMut   .         Warding  .     (boots unavailable)
Saprov . . .     Stasis   .     z - amulet of rage
MR     ++...                    h - ring of ice
                                o - +6 ring of protection

@: wreathed by umbra, very quick, very resistant to hostile enchantments,
uncannily stealthy
A: unfitting armour, see invisible, herbivore 3, speed 3, slow metabolism 2
a: Shadow Step, Renounce Religion, Evoke Berserk Rage


You were on level 12 of the Dungeon.
You worshipped Dithmengos.
Dithmengos was pleased with you.
You were not hungry.

You visited 2 branches of the dungeon, and saw 13 of its levels.
You also visited: Sewer and Ice Cave.

You collected 965 gold pieces.

Inventory:

Hand weapons
 a - a +2,+1 dagger (weapon)
Missiles
 d - 36 darts (quivered)
 t - 2 exploding darts
 v - a dart of frost
 J - 3 darts of flame
Armour
 b - a +0 robe (worn)
 B - a cursed -2 cloak (worn)
 I - a +1 buckler (worn)
Magical devices
 e - a wand of magic darts (17)
 f - a wand of magic darts (10)
 k - a wand of confusion (10)
 y - a wand of paralysis (7)
 F - a wand of frost (11)
 O - a wand of cold (9)
Comestibles
 q - 6 bread rations
Scrolls
 i - 5 scrolls of teleportation
 m - 3 scrolls of identify
 r - 2 scrolls of blinking
 x - 4 scrolls of remove curse
 D - 3 scrolls of enchant weapon I
 E - a scroll of summoning {unknown}
 G - 3 scrolls of enchant weapon II
 H - 4 scrolls of fear
 M - 2 scrolls of fog
 Q - 5 scrolls of magic mapping
Jewellery
 h - a ring of ice (right hand)
 l - a +2 ring of evasion {unknown}
 o - a +6 ring of protection (left hand)
 p - a cursed ring of hunger {unknown}
 u - an uncursed ring of regeneration
 z - an amulet of rage (around neck)
Potions
 j - a potion of beneficial mutation {unknown}
 n - a potion of restore abilities
 s - a potion of magic {unknown}
 w - 3 potions of brilliance
 C - a potion of speed {unknown}
Books
 c - a book of Maledictions

   Spells                             Type                      Level
   *Corona                            Hexes                        1
   Sure Blade                         Hexes/Charms                 2
   *Ensorcelled Hibernation           Hexes/Ice                    2
   *Confuse                           Hexes                        3
   Enslavement                        Hexes                        4
   *Invisibility                      Hexes                        6
 g - a book of the Dragon

   Spells                             Type                      Level
   Flight                             Charms/Air                   3
   Cause Fear                         Hexes                        4
   Bolt of Fire                       Conjuration/Fire             6
   Dragon Form                        Transmutation                7
   Summon Dragon                      Summoning                    9
 A - a book of the Sky

   Spells                             Type                      Level
   Flight                             Charms/Air                   3
   Airstrike                          Air                          4
   Silence                            Hexes/Air                    5
   Deflect Missiles                   Charms/Air                   6
   Conjure Ball Lightning             Conjuration/Air              6
   Tornado                            Air                          9
 R - a book of Wizardry

   Spells                             Type                      Level
   Summon Elemental                   Summoning                    4
   Agony                              Necromancy                   5
   Force Lance                        Conjuration                  5
   Fireball                           Conjuration/Fire             5
   Haste                              Charms                       6
   *Invisibility                      Hexes                        6


   Skills:
 * Level 11.8 Short Blades
 - Level 1.1 Throwing
 * Level 7.8 Armour
 - Level 3.0 Dodging
 * Level 15.2 Stealth
 + Level 8.8 Spellcasting
 + Level 9.0 Hexes


You had 16 spell levels left.
You knew the following spells:

 Your Spells              Type           Power        Failure   Level  Hunger
a - Corona                Hex            #####..      1%          1    None
b - Ensorcelled Hibernat  Hex/Ice        ####..       3%          2    None
c - Confuse               Hex            #####...     1%          3    #......
d - Invisibility          Hex            #####...     52%         6    ######.


Dungeon Overview and Level Annotations

Branches:
Dungeon (12/16)            Temple (1/1) D:6             Orc (0/4) D:11
   Lair (0/8) D:11

Altars:
Ashenzari
Dithmengos
Kikubaaqudgha
Okawaru
Trog

Shops:
D:12 :

Annotations:
D:8 exclusion: ice statue
D:9 exclusion: ice statue
D:12 exclusion: oklob plant


Innate Abilities, Weirdness & Mutations

You are tiny and cannot use many weapons and most armour.
You have supernaturally acute eyesight.
You are a herbivore.
You cover ground extremely quickly.
You need consume almost no food.


Message History

The oklob plant is almost destroyed.
You hit the oklob plant but do no damage.
The oklob plant is almost destroyed.
You hit the oklob plant but do no damage.
The oklob plant is almost destroyed.
You hit the oklob plant but do no damage.
The oklob plant is almost destroyed.
Drink which item? (? for menu, Esc to quit)
Okay, then.
Evoke which item? (* to show all) (? for menu, Esc to quit)
Zapping:
F - a wand of frost {zapped: 1}
Press: ? - help, Shift-Dir - straight line, f - oklob plant
Aim: an oklob plant (almost destroyed, umbra)
The puff of frost hits the oklob plant.
The oklob plant is almost destroyed.
The oklob plant spits acid at you. The splash of acid hits you!
The acid corrodes your cursed -1 cloak!
The acid burns!
* * * LOW HITPOINT WARNING * * *
You die...

.....................))......#
...>..................)......#
.............................#
..[...........>..............#
..........................####
..........................#
..........................#
.................P........#
................@.........#
........................###
........................#
...............#........#
...........##.........###
..........#...........#
.........#............#
.....)...#.......##..%#
.........#.......##...#


You could see an oklob plant.

Vanquished Creatures
  A frost giant (IceCv)
  A death yak (IceCv)
  Erolcha (D:8)
  An unseen horror (D:11)
  4 hill giants
  14 polar bears (IceCv)
  A troll (D:12)
  Prince Ribbit (D:6)
  A two-headed ogre (D:8)
  A hydra skeleton (D:11)
  The ghost of bart the Magician, an average HEAs of Vehumet (D:5)
  A trapdoor spider (D:12)
  5 ugly things
  22 yaks
  A steam dragon (D:12)
  4 vampire mosquitoes (D:12)
  15 wolves (IceCv)
  An ice beast (IceCv)
  2 phantoms
  3 sky beasts
  An orc warrior (D:8)
  6 ogres
  A crocodile (D:11)
  2 big kobolds (Sewer)
  3 giant frogs
  5 centaurs
  2 gnoll sergeants
  A troll zombie (D:12)
  An eye of draining (D:11)
  A troll skeleton (D:12)
  5 crimson imps
  5 hounds
  A jelly (D:8)
  A scorpion (D:7)
  A giant frog skeleton (D:4)
  An orc priest (D:11)
  8 worker ants
  3 iguanas
  5 orc wizards
  A halfling (D:3)
  5 green rats
  15 adders
  A giant centipede (D:9)
  18 gnolls
  An inept feature mimic (D:3)
  An inept item mimic (D:5)
  12 white imps (D:11)
  3 giant mites
  6 worms
  An orc skeleton (D:8)
  A grey rat (Sewer)
  3 giant eyeballs
  10 giant geckos
  2 oozes
  30 orcs
  4 ball pythons
  2 bat zombies
  8 giant cockroaches
  17 hobgoblins
  14 jackals
  19 kobolds
  4 quokkas
  16 bats
  6 giant newts
  A giant newt skeleton (D:5)
  A giant spore (D:12)
  16 goblins
  A goblin skeleton (D:4)
  An orc zombie (D:5)
  A quokka skeleton (D:8)
  17 rats
  2 ballistomycetes (D:12)
  A plant (D:3)
375 creatures vanquished.

Vanquished Creatures (others)
  A yak (IceCv)
  A wolf (IceCv)
  2 halflings (D:3)
  A fungus (D:11)
  2 plants
7 creatures vanquished.

Grand Total: 382 creatures vanquished

Notes
Turn   | Place    | Note
--------------------------------------------------------------
     0 | D:1      | Kae, the Spriggan Enchanter, began the quest for the Orb.
     0 | D:1      | Reached XP level 1. HP: 9/9 MP: 4/4
     6 | D:1      | Noticed a black bear
     6 | D:1      | Noticed a swamp drake
     6 | D:1      | Noticed a spiny worm
     6 | D:1      | Noticed a wolf
   320 | D:1      | Reached XP level 2. HP: 13/13 MP: 7/7
   324 | D:1      | Learned a level 2 spell: Ensorcelled Hibernation
  1137 | D:1      | Reached XP level 3. HP: 11/16 MP: 2/11
  1355 | D:2      | Reached skill level 4 in Stealth
  2140 | D:3      | Learned a level 3 spell: Confuse
  2221 | D:3      | Reached XP level 4. HP: 19/21 MP: 13/13
  3091 | D:3      | Reached skill level 5 in Stealth
  3161 | D:3      | Reached XP level 5. HP: 19/24 MP: 16/16
  3852 | D:4      | Reached XP level 6. HP: 22/28 MP: 20/20
  3973 | D:4      | Paralysed by a giant eyeball for 4 turns
  3984 | D:4      | Noticed a phantom
  4137 | D:4      | Noticed an ogre
  4219 | D:4      | Killed an ogre
  4219 | D:4      | Reached skill level 6 in Stealth
  4312 | D:4      | Noticed an ogre
  4319 | D:4      | Killed an ogre
  4319 | D:4      | Reached skill level 1 in Armour
  4383 | D:4      | Reached skill level 5 in Hexes
  4394 | D:4      | Reached XP level 7. HP: 22/32 MP: 13/21
  4566 | D:4      | Killed a phantom
  4566 | D:4      | Reached skill level 5 in Short Blades
  4815 | D:5      | Entered Level 5 of the Dungeon
  4815 | D:5      | Noticed bart's ghost (average HEAs)
  4830 | D:5      | Killed bart's ghost
  4830 | D:5      | Reached skill level 7 in Stealth
  4932 | D:5      | Reached skill level 5 in Spellcasting
  4996 | D:5      | Paralysed by a giant eyeball for 2 turns
  5180 | D:5      | Paralysed by a giant eyeball for 2 turns
  5495 | D:5      | Reached XP level 8. HP: 21/36 MP: 2/24
  5812 | D:5      | Reached skill level 8 in Stealth
  6002 | D:6      | Found a staircase to the Ecumenical Temple.
  6009 | Temple   | Entered the Ecumenical Temple
  6051 | Temple   | Became a worshipper of Dithmengos
  6161 | D:6      | Found a glowing drain.
  6206 | Sewer    | Entered a sewer
  6752 | Sewer    | Reached skill level 9 in Stealth
  7148 | D:6      | Noticed Prince Ribbit
  7155 | D:6      | Killed Prince Ribbit
  7575 | D:7      | Reached XP level 9. HP: 39/39 MP: 19/26
  7710 | D:7      | Reached skill level 10 in Stealth
  7952 | D:8      | Noticed an ice statue
  8046 | D:8      | Noticed Erolcha
  8054 | D:8      | Killed Erolcha
  8085 | D:8      | Reached skill level 11 in Stealth
  8139 | D:8      | Found an iron altar of Okawaru.
  8724 | D:9      | Noticed an ice statue
  9336 | D:10     | Entered Level 10 of the Dungeon
  9343 | D:10     | You fall through a shaft!
  9347 | D:11     | Reached skill level 5 in Armour
  9347 | D:11     | Reached XP level 10. HP: 44/44 MP: 28/28
  9409 | D:11     | Noticed an unseen horror
  9415 | D:11     | Killed an unseen horror
  9603 | D:11     | Reached skill level 12 in Stealth
  9839 | D:11     | Found a staircase to the Orcish Mines.
  9860 | D:11     | Noticed a hill giant
  9868 | D:11     | Killed a hill giant
  9902 | D:11     | Found a frozen archway.
 10198 | IceCv    | Entered an ice cave
 10482 | IceCv    | HP: 1/44 [cloud of freezing vapour (6)]
 10801 | IceCv    | Noticed an ice statue
 10931 | IceCv    | Learned a level 6 spell: Invisibility
 11192 | IceCv    | Reached skill level 13 in Stealth
 11226 | IceCv    | Reached XP level 11. HP: 47/47 MP: 19/30
 11254 | IceCv    | Reached skill level 10 in Short Blades
 11297 | IceCv    | Acquired Dithmengos' first power
 11565 | IceCv    | Reached skill level 14 in Stealth
 12053 | IceCv    | Noticed a death yak
 12053 | IceCv    | Noticed a frost giant
 12075 | IceCv    | Killed a death yak
 12077 | IceCv    | Killed a frost giant
 12235 | D:11     | Found a staircase to the Lair.
 12276 | D:11     | Noticed a hill giant
 12278 | D:11     | Killed a hill giant
 12364 | D:11     | Reached XP level 12. HP: 51/51 MP: 29/32
 12927 | D:12     | Found Phuxa's Book Emporium.
 13132 | D:12     | Reached skill level 15 in Stealth
 13750 | D:12     | HP: 1/51 [acid (10)]
 13750 | D:12     | Killed from afar by an oklob plant

Action                   |  1- 3 |  4- 6 |  7- 9 | 10-12 || total
-------------------------+-------+-------+-------+-------++-------
Melee: Dagger            |   131 |   322 |   599 |   700 ||  1752
Throw: Dart              |       |       |       |     2 ||     2
 Cast: Ensorcelled Hiber |     9 |    36 |    77 |    74 ||   196
       Confuse           |       |    17 |     9 |    51 ||    77
       Invisibility      |       |       |       |     1 ||     1
Evoke: Wand              |       |       |     5 |     2 ||     7
  Use: Potion            |       |     1 |       |     1 ||     2
       Scroll            |       |       |    23 |       ||    23
 Stab: Sleeping          |    14 |    29 |    77 |    82 ||   202
       Distracted        |       |     3 |     2 |     6 ||    11
       Confused          |       |     2 |     7 |    27 ||    36
       Fleeing           |       |       |       |     1 ||     1
